 Dungeon Crawl Stone Soup version 0.27.1-35-g4d5d836560 (webtiles) character file.

Game seed: 1829509079280860848

3 Delamore the Sneak (level 1, -1/14 HPs)
             Began as an Octopode Brigand on June 21, 2022.
             Slain by a rat (2 damage)
             ... on level 1 of the Dungeon.
             The game lasted 00:00:16 (87 turns).

Delamore the Sneak (Octopode Brigand)                 Turns: 87, Time: 00:00:17

Health: -1/14      AC:  1    Str: 10    XL:     1   Next: 50%
Magic:  1/1        EV: 12    Int: 13    God:
Gold:   14         SH:  0    Dex: 13    Spells: 0/0 levels left

rFire    . . .     SeeInvis .   a - +2 dagger
rCold    . . .     Faith    .   (no shield)
rNeg     . . .     Spirit   .   (helmet restricted)
rPois    .         Reflect  .   (no amulet)
rElec    .         Harm     .   (no ring)
rCorr    .         Rampage  .   (no ring)
Will     .....                  (no ring)
Stlth    ++++......             (no ring)
HPRegen  0.04/turn              (no ring)
MPRegen  0.07/turn              (no ring)
                                (no ring)
                                (no ring)

@: no status effects
A: almost no armour, amphibious, 8 rings, camouflage 1, gelatinous body 1,
(nimble swimmer 1), tentacles
a: no special abilities


You were on level 1 of the Dungeon.
You visited 1 branch of the dungeon, and saw 1 of its levels.

You collected 14 gold pieces.

Inventory:

Hand Weapons
 a - a +2 dagger (weapon)
Missiles
 b - 6 poisoned darts (quivered)
 c - 2 curare-tipped darts
Scrolls
 d - 3 scrolls of blinking {unknown}


   Skills:
 + Level 2.1 Fighting
 - Level 2.0 Short Blades
 + Level 2.1 Throwing
 + Level 1.1 Dodging
 - Level 5.3 Stealth


You couldn't memorise any spells.
You didn't know any spells.
Your spell library was empty.

Dungeon Overview and Level Annotations

Branches:
Dungeon (1/15)

Altars:


Innate Abilities, Weirdness & Mutations

You cannot wear most types of armour.
You are amphibious.
You can wear up to eight rings at the same time.
Your skin changes colour to match your surroundings (Stealth+).
Your rubbery body absorbs attacks. (AC +1, EV +1)
((You are camouflaged near water. (Stealth+)))
You have tentacles for arms and can constrict up to eight enemies at once.


Message History

You kill the quokka!
The bat hits you.
You hit the jackal. You grab the jackal.
The jackal is heavily wounded.
You constrict the jackal, but do no damage.
The bat closely misses you. The jackal barely misses you.
A dart slug comes into view.
The jackal bites you.
You hit the jackal. You squeeze the jackal.
You kill the jackal!
The bat hits you but does no damage. The bat hits you.
The endoplasm freezes you.
You are frozen.
* * * LOW HITPOINT WARNING * * *
Items here: ( ) ††.
You are too injured to fight recklessly!
There are monsters nearby!
You are too injured to fight recklessly!
The bat hits you.
* * * LOW HITPOINT WARNING * * *
The bat closely misses you.
You closely miss the bat. Your grab misses the bat. The bat hits you.
* * * LOW HITPOINT WARNING * * *
The rat closely misses you. The endoplasm barely misses you.
The bat closely misses you.
You see here a +0 leather armour.
The bat barely misses you.
You see here a +0 chain mail.
Throw: 8 darts (poison)
Press: ? - help, Q - select action, (/) - cycle Shift-Dir - straight line, f - rat
Aim: a rat (59% to hit)
You throw a poisoned dart. The poisoned dart hits the rat.
The rat bites you but does no damage.
Throw: 7 darts (poison)
Press: ? - help, Q - select action, (/) - cycle Shift-Dir - straight line, f/p - rat
Aim: a rat (59% to hit)
You throw a poisoned dart. The poisoned dart hits the rat.
The rat is poisoned.
The rat bites you.
You die...

##### ### #...#
....#...###
#.......#######
###......bJr@...#
.......)ww#####.#
#...#...#.# #.#
##......#.# #.#
....#####.# #.#
#.# #.# ###.# .
..# #...# .##
#.### . #.#


You could see 2 dart slugs, an endoplasm, a bat and a rat (poisoned).

Vanquished Creatures
  A jackal (D:1)
  A quokka (D:1)
  A kobold (D:1)
3 creatures vanquished.

Notes
Turn   | Place    | Note
-------+----------+-------------------------------------------
     0 | D:1      | Delamore the Octopode Brigand began the quest for the Orb.
     0 | D:1      | Reached XP level 1. HP: 14/14 MP: 1/1
    87 | D:1      | Slain by a rat

Illustrated notes

Levels and vault maps discovered:
D:1:      co_arrival_random_square_maze, layout_loops_cross, minmay_tromino_v4_a

Action                   || total
-------------------------++-------
Melee: Dagger            ||     9
       Constrict         ||     3
       Tentacles         ||     2
Throw: Dart              ||     2
Armor: Skin              ||     4
Dodge: Dodged            ||    12
